 Dungeon Crawl Stone Soup version 0.22-a0-352-gc608dd7 (webtiles) character file.

3496 Amnesiac the Geomancer (level 9, -4/72 HPs)
             Began as a Demigod Earth Elementalist on Apr 14, 2018.
             Slain by a hellwing (10 damage)
             ... on level 8 of the Dungeon.
             The game lasted 00:15:22 (10458 turns).

Amnesiac the Geomancer (DgEE)                      Turns: 10458, Time: 00:15:22

Health: -4/72      AC:  6    Str: 16    XL:     9   Next: 51%
Magic:  7/25       EV: 14    Int: 25    God:
Gold:   283        SH:  0    Dex: 16    Spells: 9/24 levels left

rFire    + . .     SeeInvis .   o - +2 quarterstaff (speed)
rCold    . . .     Gourm    .   (shield currently unavailable)
rNeg     . . .     Faith    +   c - +1 robe
rPois    +         Spirit   .   g - +0 helmet
rElec    .         Reflect  .   j - +0 cloak
rCorr    .         Harm     .   (no gloves)
MR       .....                  (no boots)
Stlth    ++........             f - amulet of faith
HPRegen  0.22/turn              h - +1 ring of slaying
MPRegen  0.19/turn              m - ring of protection from fire

@: mighty, hasted, very quick
A: rugged brown scales 1, high mp 1, poison resistance
a: no special abilities


You were on level 8 of the Dungeon.
You were not hungry.

You visited 1 branch of the dungeon, and saw 8 of its levels.

You collected 283 gold pieces.

Inventory:

Hand Weapons
 a - a +0 hunting sling
 b - a +0 whip of venom
 o - a +2 quarterstaff of speed (weapon)
Missiles
 l - 27 sling bullets
 q - 43 stones (quivered)
 x - 8 poisoned needles
 z - a throwing net
Armour
 c - a +1 robe (worn)
 g - a +0 helmet (worn)
 j - a +0 cloak (worn)
 p - the +3 leather armour of Bofarr {rPois, unknown}
   (You took it off a wight on level 7 of the Dungeon)

   It protects you from poison.
Jewellery
 f - an amulet of faith (around neck)
 h - a +1 ring of slaying (left hand)
 m - a ring of protection from fire (right hand)
Wands
 y - a wand of flame (20)
Scrolls
 e - 2 scrolls of identify {!r}
 k - 2 scrolls of magic mapping {!r}
 s - 2 scrolls of enchant armour {!r}
 t - a scroll of noise {!r}
 u - 6 scrolls of remove curse {!r}
Potions
 w - 2 potions of haste {!q}
 A - a potion of cancellation {!q}
Comestibles
 d - 20 rations
 i - a chunk of flesh


   Skills:
 - Level 3.4 Fighting
 + Level 2.8 Staves
 - Level 3.3 Dodging
 - Level 1.7 Stealth
 - Level 8.0 Spellcasting
 - Level 0.8 Transmutations
 - Level 8.4 Earth Magic


You had 9 spell levels left.
You knew the following spells:

 Your Spells              Type           Power        Failure   Level  Hunger
a - Stone Arrow           Conj/Erth      ####..       3%          3    None
b - Passwall              Tmut/Erth      ####......   1%          2    None
c - Sandblast             Erth           ######       1%          1    None
d - Lee's Rapid Deconstr  Erth           ######....   5%          5    ####...
e - Petrify               Tmut/Erth      ####....     9%          4    ##.....


Dungeon Overview and Level Annotations

Branches:
Dungeon (8/15)             Temple (0/1) D:4
   Lair: D:8-11

Shops:
D:5 }


Innate Abilities, Weirdness & Mutations

You have an increased reservoir of magic. (+10% MP)
You are partially covered in rugged brown scales. (AC +1, +3% HP)
Your system is resistant to poisons. (rPois)


Message History

Aim: a centaur warrior skeleton You miscast Stone Arrow.
You are very lightly contaminated with residual magic.
You hear a distant rumble.
Casting: Stone Arrow (safe; 3% risk of failure)
Confirm with . or Enter, or press ? or * to list all spells.
Aiming: Stone Arrow (safe; 3% risk of failure)
Press: ? - help, Shift-Dir - straight line, f/p - centaur warrior skeleton
Aim: a centaur warrior skeleton The stone arrow hits the centaur warrior skeleton.
The centaur warrior skeleton is lightly damaged.
The centaur warrior skeleton hits you but does no damage.
Casting: Stone Arrow (safe; 3% risk of failure)
Confirm with . or Enter, or press ? or * to list all spells.
You don't have enough magic to cast that spell.
The centaur warrior skeleton closely misses you.
The centaur warrior skeleton hits you.
A shadow imp comes into view.
The shadow imp moves out of view.
The centaur warrior skeleton hits you. The centaur warrior skeleton hits you.
The hellwing swoops through the air toward you!
The hellwing hits you!
The hellwing hits you but does no damage.
The centaur warrior skeleton hits you.
There is a stone staircase leading down here.
The hellwing hits you! The hellwing misses you.
The centaur warrior skeleton hits you but does no damage.
The hellwing swoops through the air toward you!
The hellwing hits you!
* * * LOW HITPOINT WARNING * * *
The hellwing closely misses you.
You hit the hellwing but do no damage.
The centaur warrior skeleton completely misses you.
The hellwing hits you!
* * * LOW HITPOINT WARNING * * *
The hellwing misses you. The hellwing misses you.
The hellwing closely misses you. The centaur warrior skeleton hits you.
* * * LOW HITPOINT WARNING * * *
You see here a robe.
Your magical contamination has completely faded away.
Okay, then.
Really quaff
w - 3 potions of haste {!q}?
You feel yourself speed up. The centaur warrior skeleton hits you.
* * * LOW HITPOINT WARNING * * *
The centaur warrior skeleton hits you but does no damage.
Really quaff
r - a pink potion {!q}?
It was a potion of mutation {!q}.
You feel extremely strange.
Rugged brown scales grow over part of your body.
You feel resistant to poisons.
Okay, then.
Really quaff
n - a yellow potion {!q}?
It was a potion of might {!q}.
You feel very mighty all of a sudden.
The centaur warrior skeleton closely misses you.
Okay, then.
Okay, then.
Evoke which item? (* to show all) (? for menu, Esc to quit)
Okay, then.
A wolf spider zombie comes into view.
The hellwing swoops through the air toward you!
The hellwing hits you!
You die...

#..# #.# #.#.#.##
#.## #.# #.#.#.#
... ... #.#.# #
.... ... #.#.#
.##.#####.##.#.#
#. #.Z. ....#.#
#.. ... #4# #@#
#Z# ##### #.#
#...# #.#
###...####[#
#######...>...##.#
..............##.#
#...###.........<#
......###...######


You could see a hellwing, a wolf spider zombie (wandering) and a centaur warrior
skeleton.

Vanquished Creatures
  Pikel (D:7)
  Joseph (D:7)
  A centaur zombie (D:8)
  Prince Ribbit (D:5)
  Duvessa (D:6)
  A slave (D:7)
  An eye of draining (D:8)
  An ogre (D:4)
  A centaur (D:6)
  4 bullfrogs
  Blork the orc (D:5)
  A wyvern skeleton (D:6)
  Dowan (D:6)
  3 killer bees
  4 wights (D:7)
  A bullfrog zombie (D:6)
  3 jellies
  A quasit (D:8)
  2 hounds
  9 orc priests
  5 orc wizards
  2 bullfrog skeletons
  A centaur skeleton (D:3)
  2 iguanas (D:4)
  5 worker ants
  A hound skeleton (D:6)
  A howler monkey zombie (D:7)
  3 worker ant zombies (D:5)
  7 gnolls
  5 adders
  2 shadow imps (D:5)
  2 oozes
  A worm (D:2)
  A dart slug (D:1)
  2 leopard geckos
  16 orcs
  6 bats
  3 giant cockroaches
  2 goblins
  5 hobgoblins
  15 jackals
  4 kobolds
  A quokka (D:4)
  A ball python (D:2)
  2 frilled lizards
  A quokka zombie (D:5)
  5 rats
140 creatures vanquished.

Vanquished Creatures (others)
  A jelly (D:7)
1 creature vanquished.

Grand Total: 141 creatures vanquished

Notes
Turn   | Place    | Note
-------+----------+-------------------------------------------
     0 | D:1      | Amnesiac the Demigod Earth Elementalist began the quest for the Orb.
     0 | D:1      | Reached XP level 1. HP: 14/14 MP: 5/5
   227 | D:1      | Reached XP level 2. HP: 20/20 MP: 5/7
   233 | D:1      | Learned a level 2 spell: Passwall
   638 | D:1      | Reached XP level 3. HP: 26/26 MP: 6/9
  1395 | D:2      | Learned a level 3 spell: Stone Arrow
  1926 | D:2      | Reached XP level 4. HP: 28/33 MP: 1/12
  3498 | D:3      | Reached XP level 5. HP: 38/38 MP: 2/14
  4170 | D:3      | Found a snail-covered altar of Cheibriados.
  4172 | D:3      | Found a shattered altar of Ashenzari.
  4172 | D:3      | Found a hide-covered altar of Uskayaw.
  4172 | D:3      | Found a deep blue altar of Sif Muna.
  4172 | D:3      | Found a bloodstained altar of Trog.
  4173 | D:3      | Found a basalt altar of Yredelemnul.
  4456 | D:3      | Found a white marble altar of Elyvilon.
  4774 | D:4      | Reached XP level 6. HP: 25/45 MP: 0/16
  4785 | D:4      | Learned a level 5 spell: Lee's Rapid Deconstruction
  4790 | D:4      | Learned a level 4 spell: Petrify
  4929 | D:4      | Found a staircase to the Ecumenical Temple.
  4963 | D:4      | Reached skill level 5 in Spellcasting
  5904 | D:5      | Entered Level 5 of the Dungeon
  5913 | D:5      | Found a sparkling altar of Nemelex Xobeh.
  5918 | D:5      | Found Ciuddoig's Gadget Emporium.
  5927 | D:5      | Learned a level 1 spell: Sandblast
  5972 | D:5      | Reached XP level 7. HP: 50/50 MP: 14/18
  5990 | D:5      | Noticed Prince Ribbit
  5995 | D:5      | Killed Prince Ribbit
  5995 | D:5      | Reached skill level 5 in Earth Magic
  6461 | D:5      | Found an ornate altar of the Wu Jian Council.
  6499 | D:5      | Noticed Blork the orc
  6507 | D:5      | Killed Blork the orc
  7101 | D:5      | Reached XP level 8. HP: 51/57 MP: 22/22
  7786 | D:6      | Noticed Duvessa
  7786 | D:6      | Noticed Dowan
  7811 | D:6      | Killed Dowan
  8436 | D:6      | Killed Duvessa
  8722 | D:6      | HP: 2/57 [poisoned by a killer bee]
  9374 | D:7      | Noticed Pikel
  9384 | D:7      | Killed Pikel
  9384 | D:7      | Reached XP level 9. HP: 62/62 MP: 6/25
  9512 | D:7      | Reached skill level 1 in Fighting
  9617 | D:7      | Got a blackened leather armour
  9645 | D:7      | Noticed Joseph
  9664 | D:7      | Killed Joseph
 10235 | D:8      | Noticed a two-headed ogre
 10428 | D:8      | Noticed a hellwing
 10454 | D:8      | Gained mutation: You are partially covered in rugged brown scales. (AC +1, +3% HP) [potion of mutation]
 10454 | D:8      | Gained mutation: Your system is resistant to poisons. (rPois) [potion of mutation]
 10458 | D:8      | Slain by a hellwing

Vault maps used:
D:1:      minmay_arrival_solitary_statue
D:2:      kennysheep_big_empty_room, minmay_misc_feat_iff, serial_bayou_pond_d
D:3:      elyvilon_altar_3, grunt_temple_overflow_open, feat_on_display
D:4:      temple_green, first_ration, kennysheep_nondescript
D:5:      lemuel_round_altar, nemelex_xobeh_ov_fountains_minmay, serial_shops,
          nicolae_shop_crystal, minmay_misc_feat_diagonals, uniq_blork_the_orc,
          uniq_prince_ribbit1
D:6:      uniq_duvessa
D:7:      grunt_ministairs_8, uniq_pikel, uniq_joseph
D:8:      cheibrodos_grave_circle, blue_anna_alchemist

Skill      XL: |  1  2  3  4  5  6  7  8  9 |
---------------+----------------------------+-----
Spellcasting   | 2 3 4 5 6 8 |  8.0
Earth Magic    | 3 4 5 8 |  8.4
Fighting       | 3 |  3.4
Dodging        | 3 |  3.3
Staves         | 2 |  2.8
Stealth        | |  1.7
Transmutations | |  0.8

Action                   |  1- 3 |  4- 6 |  7- 9 || total
-------------------------+-------+-------+-------++-------
Melee: Mace              |    46 |    44 |       ||    90
       Whip              |       |       |    29 ||    29
       Quarterstaff      |       |       |    16 ||    16
 Fire: Hunting sling     |       |    38 |    87 ||   125
 Cast: Sandblast         |    52 |     2 |    27 ||    81
       Stone Arrow       |     8 |    58 |    85 ||   151
       Lee's Rapid Decon |       |       |     5 ||     5
       Petrify           |       |       |     6 ||     6
  Use: Scroll            |     4 |     3 |     7 ||    14
       Potion            |     3 |     1 |     6 ||    10
 Stab: Invisible         |     1 |       |       ||     1
       Sleeping          |       |     1 |     1 ||     2
       Petrified         |       |       |    11 ||    11
  Eat: Chunk             |     4 |    10 |    12 ||    26
       Ration            |       |     2 |     1 ||     3
Armor: Robe              |    35 |    19 |    35 ||    89
Dodge: Dodged            |    94 |    63 |    91 ||   248

Table legend:
 A = Spawn XP
 B = Non-spawn XP
 C = Spawn XP percentage of total XP
 D = Spawn monster count
 E = Non-spawn monster count
 F = Spawn count percentage of total count
 G = Total turns spent on level
                    A         B        C        D         E        F      G
               +---------+---------+-------+---------+---------+-------+---------
         Total |       0 |    4995 |   0.0 |       0 |     139 |   0.0 | 10458
               +---------+---------+-------+---------+---------+-------+---------
           D:1 |       0 |      56 |   0.0 |       0 |      20 |   0.0 |  1895
           D:2 |       0 |     136 |   0.0 |       0 |      26 |   0.0 |  1700
           D:3 |       0 |     130 |   0.0 |       0 |       8 |   0.0 |   972
           D:4 |       0 |     468 |   0.0 |       0 |      17 |   0.0 |  1337
           D:5 |       0 |     997 |   0.0 |       0 |      28 |   0.0 |  1368
           D:6 |       0 |     764 |   0.0 |       0 |      13 |   0.0 |  1717
           D:7 |       0 |    1749 |   0.0 |       0 |      21 |   0.0 |  1052
           D:8 |       0 |     695 |   0.0 |       0 |       6 |   0.0 |   417
               +---------+---------+-------+---------+---------+-------+---------
